 Dungeon Crawl Stone Soup version 0.20.0-10-g0535bb4 (webtiles) character file.

42 maniacrov the Covered (level 3, -11/33 HPs)
             Began as a Minotaur Fighter on June 5, 2017.
             Killed by nerve-wracking pain
             ... invoked by a shadow imp
             ... summoned by Natasha
              (13 damage)
             ... on level 2 of the Dungeon.
             The game lasted 00:04:01 (794 turns).

maniacrov the Covered (Minotaur Fighter)             Turns: 794, Time: 00:04:02

Health: -11/33     AC:  0    Str: 21    XL:     3   Next: 33%
Magic:  2/2        EV: 13    Int:  5    God:
Gold:   30         SH:  0    Dex:  9    Spells: 2/2 levels left

rFire    . . .     SeeInvis .   (weapon currently unavailable)
rCold    . . .     Gourm    .   (shield currently unavailable)
rNeg     . . .     Faith    .   (armour currently unavailable)
rPois    .         Spirit   .   (helmet currently unavailable)
rElec    .         Reflect  .   (cloak currently unavailable)
rCorr    .         Harm     .   (gloves currently unavailable)
MR       .....                  (boots currently unavailable)
Stlth    +.........             (no amulet)
Regen    0.2/turn               (ring currently unavailable)
MPRegen  0.1/turn               (ring currently unavailable)

@: pig-form, slowed
A: (retaliatory headbutt)
a: no special abilities


You were on level 2 of the Dungeon.
You were not hungry.
You were a filthy swine.
You visited 1 branch of the dungeon, and saw 2 of its levels.

You collected 30 gold pieces.

Inventory:

Hand Weapons
 a - a +0 war axe (melded)
Missiles
 o - 3 javelins (quivered)
Armour
 b - a +0 scale mail (melded)
 c - a +0 shield (melded)
 e - a cursed +0 ring mail
Jewellery
 h - a +3 ring of intelligence {unknown}
 s - an uncursed ring of protection from cold {unknown}
Scrolls
 l - a scroll of magic mapping
Potions
 d - a potion of might
 i - a potion of curing {unknown}
 j - a potion of mutation {unknown}
 m - a potion of brilliance {unknown}
 n - a potion of heal wounds {unknown}
 p - a potion of lignification {unknown}
 q - a potion of resistance {unknown}
Comestibles
 f - 3 bread rations
 g - a fruit
 r - a royal jelly


   Skills:
 + Level 4.1 Fighting
 + Level 2.9 Axes
 + Level 4.2 Armour
 + Level 4.1 Shields


You had 2 spell levels left.
You didn't know any spells.

Dungeon Overview and Level Annotations

Branches:
Dungeon (2/15)

Altars:
Hepliaklqana

Annotations:
D:2 Natasha


Innate Abilities, Weirdness & Mutations

((You reflexively headbutt those who attack you in melee.))
((You have a pair of horns on your head.))


Message History

Natasha casts a spell at you.
You feel yourself slow down.
You hit Natasha but do no damage.
Natasha is lightly wounded.
Natasha zaps a wand.
You resist with significant effort.
Natasha zaps a wand.
You hit Natasha but do no damage.
Natasha is lightly wounded.
Natasha completely misses you.
You hit Natasha but do no damage.
Natasha is lightly wounded.
Natasha mumbles some strange words.
You hit Natasha.
Natasha is heavily wounded.
Natasha mumbles some strange words.
Natasha's front paws start to glow.
Natasha claws you.
* * * LOW HITPOINT WARNING * * *
The shadow imp gestures at you. Pain shoots through your body!
You die...

#.#.....#......)..<#
#.......#†#......#.#
###.....†.#..........
####.######.####.#...
#.# ### #.#.##.#
#.###### #.# # #
#......# ... #.####5#
### #.# #h#
#.##!h.....#
#....#.###...#
#......# ## #### ###


You could see Natasha and a shadow imp.

Vanquished Creatures
  An adder (D:2)
  A dart slug (D:1)
  2 leopard geckos (D:1)
  A ball python (D:1)
  A giant cockroach (D:1)
  A goblin (D:1)
  5 hobgoblins (D:1)
  5 jackals
  A bat (D:1)
  2 frilled lizards (D:1)
  3 kobolds
  3 rats (D:1)
26 creatures vanquished.

Notes
Turn   | Place    | Note
-------+----------+-------------------------------------------
     0 | D:1      | maniacrov the Minotaur Fighter began the quest for the Orb.
     0 | D:1      | Reached XP level 1. HP: 19/19 MP: 0/0
   135 | D:1      | Reached XP level 2. HP: 20/27 MP: 1/1
   591 | D:2      | Reached XP level 3. HP: 33/33 MP: 2/2
   666 | D:2      | Found a hazy altar of Hepliaklqana.
   768 | D:2      | Noticed Natasha
   794 | D:2      | Killed from afar by a shadow imp

Skill      XL: |  1  2 |
---------------+-------+-----
Armour         | 4 |  4.2
Shields        | 4 |  4.1
Fighting       | 4 |  4.1
Axes           | |  2.9

Action                   || total
-------------------------++-------
Melee: War axe           ||    74
       Headbutt          ||     8
       Unarmed           ||     8
  Use: Scroll            ||     3
Armor: Scale mail        ||    43
       Skin              ||     8
Dodge: Dodged            ||    41
Block: Shield            ||    39
